 Dungeon Crawl Stone Soup version 0.31-a0-188-g5e087ee2ca (webtiles) character file.

Game seed: 6792273849249244075

85 qw the Shooter (level 4, -8/25 HPs)
             Began as a Deep Elf Hunter on June 22, 2023.
             Mangled by a gnoll
             ... wielding a +1 whip of electrocution
              (19 damage)
             ... on level 3 of the Dungeon.
             The game lasted 00:00:47 (1877 turns).

qw the Shooter (Deep Elf Hunter)                    Turns: 1877, Time: 00:00:48

Health: -8/25      AC:  6    Str: 10    XL:     4   Next: 25%
Magic:  6/6        EV:  9    Int: 14    God:
Gold:   201        SH:  0    Dex: 18    Spells: 3/3 levels left

rFire   . . .        Y - +1 shortbow
rCold   . . .        (shield currently unavailable)
rNeg    . . .        d - +0 scale mail
rPois   .            (no helmet)
rElec   .            (no cloak)
rCorr   .            (no gloves)
SInv    .            (no boots)
Will    +....        (no amulet)
Stlth   +            k - ring of willpower
HPRegen 0.24/turn    (no ring)
MPRegen 0.10/turn

%: no passive effects
@: no status effects
A: no striking features
a: no special abilities


You were on level 3 of the Dungeon.
You visited 1 branch of the dungeon, and saw 3 of its levels.

You collected 201 gold pieces.


   Skills:
 - Level 1.5 Fighting
 + Level 7.7 Ranged Weapons
 - Level 2.4 Dodging
 - Level 1.2 Stealth


You had 3 spell levels left.
You didn't know any spells.
Your spell library was empty.

Inventory:

Hand Weapons
 Y - a +1 shortbow (weapon)
Armour
 d - a +0 scale mail (worn)
Jewellery
 k - a ring of willpower (left hand)
Scrolls
 a - a scroll of teleportation
 e - a scroll of identify
Potions
 c - a potion of mutation
 f - a potion of lignification {unknown}
 h - a potion of curing {unknown}
 j - a potion of cancellation {unknown}

Dungeon Overview and Level Annotations

Branches:
Dungeon (3/15)

Altars:
Trog
Xom

Annotations:
D:2 1 runed translucent door, Crazy Yiuf


Message History

Enter note:
Enter note:
Enter note:
Enter note:
Enter note:
Enter note:
Enter note: You shoot an arrow.
The arrow hits the gnoll.
The gnoll is lightly wounded.
You shoot an arrow. The arrow hits the gnoll.
The gnoll is lightly wounded.
You shoot an arrow. The arrow hits the gnoll.
The gnoll is heavily wounded.
You shoot an arrow. The arrow completely misses the gnoll.
The arrow hits the gnoll!
The gnoll is severely wounded.
The gnoll hits you but does no damage.
A gnoll breaks down the door.
Enter note:
Enter note:
Enter note:
Enter note:
Enter note:
Enter note:
Enter note:
Enter note:
Enter note:
Enter note:
Enter note:
Enter note: You shoot an arrow.
The arrow hits the gnoll but does no damage.
The gnoll is heavily wounded.
The gnoll hits you with a +1 whip of electrocution.
You shoot an arrow. The arrow closely misses the gnoll.
The gnoll hits you with a +1 whip of electrocution.
The gnoll closely misses you.
The gnoll hits you with a +1 whip of electrocution.
You are electrocuted!!
Ouch! That really hurt!
You die...

.# .# #..#######..#
.##### ###..#.....#..#
.##.. .....#.$.$.#..#
.##.# #...#.._$$#.#
.##.#######...#.....#.#
..............#.....#.#
....<.....#...###g###.#
..........#.....@gg...#
..#.#####.###.#!##g####
..#.#####.###.#....#
..#.)...........####
..####....###.###
..##...#..###.#####
..##.#............#
.#.#.##.#.###.###.#
###..##.#.# #.#


You could see 4 gnolls.

Vanquished Creatures
  An adder (D:2)
  2 dart slugs (D:1)
  4 orcs (D:3)
  7 bats
  8 endoplasms
  10 hobgoblins
  A jackal (D:2)
  9 kobolds
  2 quokkas (D:1)
  4 ball pythons
  3 frilled lizards
  6 goblins
  5 rats
62 creatures vanquished.

Notes
Turn   | Place    | Note
-------+----------+-------------------------------------------
     0 | D:1      | qw the Deep Elf Hunter began the quest for the Orb.
     0 | D:1      | Reached XP level 1. HP: 12/12 MP: 3/3
     0 | D:1      | 0 ||| qw: Version: 0.3-a-9-g12657ce
     0 | D:1      | 0 ||| qw: Game counter: 2730
     0 | D:1      | 0 ||| qw: Always use a shield: true
     0 | D:1      | 0 ||| qw: God list: Okawaru
     0 | D:1      | 0 ||| qw: Allow faded altars: false
     0 | D:1      | 0 ||| qw: Do Orc after D:15 true
     0 | D:1      | 0 ||| qw: Do second Lair branch before Depths: true
     0 | D:1      | 0 ||| qw: Lair rune preference: random
     0 | D:1      | 0 ||| qw: Plans: Normal
     0 | D:1      | 0 ||| PLANNING D:1-11
   126 | D:1      | Reached XP level 2. HP: 16/16 MP: 4/4
   173 | D:1      | Reached skill level 6 in Ranged Weapons
   635 | D:1      | Reached XP level 3. HP: 20/20 MP: 5/5
   678 | D:1      | 678 ||| FLEEEEING.
   733 | D:1      | Found a shimmering altar of Xom.
   798 | D:1      | 798 ||| UPGRADING to +0 scale mail.
   808 | D:1      | 808 ||| DROPPING +0 leather armour.
   809 | D:1      | 809 ||| READING 2 scrolls labelled VOOFEH JEMNE.
   813 | D:1      | 813 ||| READING scroll labelled MOHYAR UMO LUDIDD.
   814 | D:1      | 814 ||| READING scroll labelled SENGIGE HIL.
   815 | D:1      | 815 ||| READING scroll labelled SEACAECLEN.
   816 | D:1      | 816 ||| READING scroll labelled FUSMI TAGRERPH.
   855 | D:1      | 855 ||| READING scroll labelled WENTIFA BOAVU.
   856 | D:1      | 856 ||| DROPPING scroll of butterflies.
  1014 | D:2      | Reached skill level 7 in Ranged Weapons
  1016 | D:2      | 1016 ||| FLEEEEING.
  1018 | D:2      | 1018 ||| FLEEEEING.
  1019 | D:2      | 1019 ||| FLEEEEING.
  1020 | D:2      | 1020 ||| FLEEEEING.
  1052 | D:2      | Found a runed translucent door.
  1053 | D:2      | Noticed Crazy Yiuf
  1409 | D:2      | Reached XP level 4. HP: 25/25 MP: 6/6
  1534 | D:2      | 1534 ||| UPGRADING to ring of willpower.
  1535 | D:2      | 1535 ||| READING scroll labelled DUPTAE QONIUNI.
  1536 | D:2      | 1536 ||| READING scroll labelled LAKLIU ZUICZIESU.
  1537 | D:2      | 1537 ||| READING scroll labelled USMEURPHESUH.
  1538 | D:2      | 1538 ||| READING 4 scrolls of identify.
  1538 | D:2      | 1538 ||| IDENTIFYING glowing silvery potion
  1539 | D:2      | 1539 ||| READING 3 scrolls of identify.
  1539 | D:2      | 1539 ||| IDENTIFYING fizzy cyan potion
  1540 | D:2      | 1540 ||| READING 2 scrolls of identify.
  1540 | D:2      | 1540 ||| IDENTIFYING sedimented yellow potion
  1541 | D:2      | 1541 ||| DROPPING potion of attraction.
  1542 | D:2      | 1542 ||| DROPPING potion of ambrosia.
  1865 | D:3      | Found a bloodstained altar of Trog.
  1868 | D:3      | 1868 ||| READING scroll labelled ZAUFOU GALOALI.
  1869 | D:3      | 1869 ||| DRINKING 2 black potions.
  1870 | D:3      | 1870 ||| DROPPING potion of magic.
  1877 | D:3      | Mangled by a gnoll

Levels and vault maps discovered:
D:1:      giann_forest_graveyard, layout_loops_ring, roderic_serpentine_path,
          minmay_hexomino_r4
D:2:      minmay_spotlight, layout_basic, eino_tiny_chamber,
          uniq_crazy_yiuf_cottage
D:3:      layout_loops_ring, palyth_temple_overflow_mages, amcnicky_altar_gilded

Skill      XL: |  1  2  3 |
---------------+----------+-----
Ranged Weapons | 6 7 |  7.7
Fighting       | |  1.5
Dodging        | |  2.4
Stealth        | |  1.2

Action                     |  1- 3 |  4- 6 || total
---------------------------+-------+-------++-------
   Fire: Shortbow          |   129 |    29 ||   158
    Use: Scroll            |     6 |     7 ||    13
         Potion            |       |     1 ||     1
 Armour: Leather armour    |     5 |       ||     5
         Scale mail        |     4 |     3 ||     7
  Dodge: Dodged            |    35 |     7 ||    42

Table legend:
 A = Non-vault XP
 B = Vault XP
 C = Vault XP percentage of total XP
 D = Non-vault monster count
 E = Vault monster count
 F = Vault count percentage of total count
                 A         B        C        D         E       F
            +---------+---------+-------+---------+---------+-------
      Total |      92 |      30 |  24.6 |      53 |       9 |  14.5
            +---------+---------+-------+---------+---------+-------
        D:1 |      46 |      11 |  19.3 |      26 |       5 |  16.1
        D:2 |      21 |      19 |  47.5 |      15 |       4 |  21.1
        D:3 |      25 |       0 |   0.0 |      12 |       0 |   0.0
            +---------+---------+-------+---------+---------+-------
